 Dungeon Crawl Stone Soup version 0.28-a0-823-gb444dcf96d (webtiles) character file.

Game seed: 17444143206791695777

32 ytrimaz the Gusty (level 2, 0/20 HPs)
             Began as a Demigod Air Elementalist on Nov 10, 2021.
             Slain by an adder (2 damage)
             ... on level 2 of the Dungeon.
             The game lasted 00:02:40 (1777 turns).

ytrimaz the Gusty (Demigod Air Elementalist)        Turns: 1777, Time: 00:02:41

Health: 0/20       AC:  3    Str:  9    XL:     2   Next: 96%
Magic:  0/7        EV: 12    Int: 17    God:
Gold:   109        SH:  0    Dex: 14    Spells: 2/5 levels left

rFire   . . .      SeeInvis .   (no weapon)
rCold   . . .      Faith    .   (no shield)
rNeg    . . .      Spirit   .   a - +0 robe
rPois   .          Reflect  .   (no helmet)
rElec   .          Harm     .   (no cloak)
rCorr   .          Rampage  .   (no gloves)
Will    .....                   c - +0 pair of boots
Stlth   ++........              (no amulet)
HPRegen 0.06/turn               (no ring)
MPRegen 0.10/turn               (no ring)

@: no status effects
A: high mp 1, forlorn
a: no special abilities


You were on level 2 of the Dungeon.
You visited 1 branch of the dungeon, and saw 2 of its levels.

You collected 109 gold pieces.

Inventory:

Armour
 a - a +0 robe (worn)
 c - a +0 pair of boots (worn)
Scrolls
 d - 2 scrolls of teleportation {unknown}
 e - a scroll of enchant armour {unknown}
 f - a scroll of identify {unknown}


   Skills:
 * Level 1.7 Dodging
 - Level 1.7 Stealth
 + Level 2.1 Spellcasting
 + Level 1.3 Conjurations
 + Level 3.4 Air Magic


You had 2 spell levels left.
You knew the following spells:

 Your Spells              Type           Power      Damage    Failure   Level
a - Shock                 Conj/Air       36%        1d5       7%          1
b - Static Discharge      Conj/Air       9%         N/A       11%         2

Your spell library contained the following spells:

 Spells                   Type           Power      Damage    Failure   Level
 Swiftness                Air            13%        N/A       14%         3
 Airstrike                Air            6%         N/A       43%         4


Dungeon Overview and Level Annotations

Branches:
Dungeon (2/15)


Innate Abilities, Weirdness & Mutations

Your attributes grow dramatically as you level up.
You have an increased reservoir of magic. (+10% MP)
You shall have no god before yourself.


Message History

The zap hits the adder.
The adder is lightly wounded.
The adder hisses angrily.
The zap misses the adder.
You miscast Shock.
You are very lightly contaminated with residual magic.
Nothing appears to happen.
The zap misses the adder.
Casting: Shock (safe; 7% risk of failure)
Confirm with . or Enter, or press ? or * to list all spells.
The adder is struck by an arc of lightning.
The adder is heavily wounded.
The lightning grounds out.
The adder bites you.
You are poisoned.
The adder poisons you!
Unknown command.
Casting: Static Discharge (safe; 11% risk of failure)
Confirm with . or Enter, or press ? or * to list all spells.
You don't have enough magic to cast this spell.
Unknown command.
You feel sick. The adder bites you but does no damage.
You feel sick.
You feel sick. The adder bites you but does no damage.
You feel sick.
You feel sick.
You are no longer poisoned.
Your magical contamination has completely faded away.
Casting: Static Discharge (safe; 11% risk of failure)
Confirm with . or Enter, or press ? or * to list all spells.
The adder is struck by an arc of lightning.
The adder is almost dead.
You are struck by an arc of lightning.
The lightning grounds out.
The adder bites you.
* * * LOW HITPOINT WARNING * * *
The adder closely misses you.
It was a potion of cancellation.
You feel magically purged. The adder bites you.
* * * LOW HITPOINT WARNING * * *
The adder bites you.
You die...

...............[....##.#.....
........#........####..#.....
......#...####.#........##.##
...#..............##....##.#
.##....#.......##.##....##.#
.........###.####.##....##.#
........## #.# #.......##.##
.......... #S####.......##.##
.......##. #@#.....#....##.#.
........#.##...#..##.....#.#.
........#.#..###..##.....#.#.
..........#..###...##..#...##
.......#....................#
..... #........#.###.###.#..
..!.. #.>......#...#.#...#..
###...
..#........###.#.#.###..
.....
#......................#


You could see an adder.

Vanquished Creatures
  3 bats
  3 endoplasms
  A goblin (D:2)
  3 hobgoblins
  4 jackals (D:1)
  A quokka (D:1)
  7 ball pythons
  A frilled lizard (D:2)
  4 kobolds (D:1)
  3 rats
30 creatures vanquished.

Notes
Turn   | Place    | Note
-------+----------+-------------------------------------------
     0 | D:1      | ytrimaz the Demigod Air Elementalist began the quest for
                  | the Orb.
     0 | D:1      | Reached XP level 1. HP: 14/14 MP: 5/5
    93 | D:1      | Reached skill level 1 in Conjurations
   214 | D:1      | Reached skill level 3 in Air Magic
   415 | D:1      | Reached XP level 2. HP: 20/20 MP: 1/7
  1454 | D:1      | Learned a level 2 spell: Static Discharge
  1777 | D:2      | Slain by an adder

Illustrated notes

Levels and vault maps discovered:
D:1:      minmay_arrival_three_doors, layout_basic
D:2:      layout_rooms, minmay_misc_feat_roman, minmay_misc_feat_alley

Skill      XL: |  1  2 |
---------------+-------+-----
Conjurations   | 1 |  1.3
Air Magic      | 3 |  3.4
Spellcasting   | 2 |  2.1
Dodging        | |  1.7
Stealth        | |  1.7

Action                   || total
-------------------------++-------
Melee: Unarmed           ||     5
 Cast: Shock             ||    69
       Static Discharge  ||     4
  Use: Potion            ||     1
Armor: Robe              ||     6
Dodge: Dodged            ||    11

Table legend: (Time is in decaauts)
 A = Elapsed time spent in this place.
 B = Non-inter-level travel time spent in this place.
 C = Inter-level travel time spent in this place.
 D = Time resting spent in this place.
 E = Time spent auto-exploring this place.
 F = Levels seen in this place.
 G = Mean time per level.
                   A        B        C        D        E       F      G
               +--------+--------+--------+--------+--------+-----+--------+
         Total |   1777 |   1751 |     26 |    128 |   1370 |   2 |  888.5 |
       Dungeon |   1777 |   1751 |     26 |    128 |   1370 |   2 |  888.5 |
               +--------+--------+--------+--------+--------+-----+--------+

Top non-repeatable levels by time:
     D:1: 1442 daAuts
     D:2: 335 daAuts
